 Dungeon Crawl Stone Soup version 0.29-a0-490-g77b3608bb8 (webtiles) character file.

Game seed: 15524797371672250207

2 jlumianski the Skirmisher (level 1, -2/19 HPs)
             Began as a Demonspawn Wanderer on May 26, 2022.
             Slain by a hobgoblin (3 damage)
             ... on level 1 of the Dungeon.
             The game lasted 00:01:20 (59 turns).

jlumianski the Skirmisher (Demonspawn Wanderer)       Turns: 59, Time: 00:01:20

Health: -2/19      AC:  8    Str: 14    XL:     1   Next: 33%
Magic:  2/2        EV:  6    Int: 12    God:
Gold:   0          SH:  0    Dex: 11    Spells: 1/2 levels left

rFire   . . .      SeeInvis .   a - +0 club
rCold   . . .      Faith    .   (no shield)
rNeg    . . .      Spirit   .   d - +0 chain mail
rPois   .          Reflect  .   (no helmet)
rElec   .          Harm     .   (no cloak)
rCorr   .          Rampage  .   (no gloves)
Will    .....                   (no boots)
Stlth   ..........              (no amulet)
HPRegen 0.06/turn               (no ring)
MPRegen 0.08/turn               (no ring)

@: no status effects
A: no striking features
a: no special abilities


You were on level 1 of the Dungeon.
You visited 1 branch of the dungeon, and saw 1 of its levels.

Inventory:

Hand Weapons
 a - a +0 club (weapon)
Armour
 d - a +0 chain mail (worn)
Jewellery
 e - an amulet of guardian spirit
Scrolls
 c - a scroll of fear
Potions
 b - a potion of curing


   Skills:
 + Level 4.1 Fighting
 + Level 2.7 Armour
 + Level 1.0 Spellcasting
 + Level 2.0 Conjurations


You had one spell level left.
You knew the following spells:

 Your Spells              Type           Power      Damage    Failure   Level
a - Foxfire               Conj/Fire      12%        2x1d4     99%         1

Your spell library contained the following spells:

 Spells                   Type           Power      Damage    Failure   Level
 Conjure Flame            Conj/Fire      3%         6-21      100%        3


Dungeon Overview and Level Annotations

Branches:
Dungeon (1/15)

Altars:


Message History

You kill the endoplasm!
You hit the giant cockroach.
The giant cockroach is heavily wounded.
The giant cockroach barely misses you. The giant cockroach closely misses you.
You hit the giant cockroach.
You kill the giant cockroach!
You see here a giant cockroach corpse.
e - an amulet of guardian spirit A kobold comes into view.
It is wielding a +0 dagger.
The kobold shouts!
The kobold moves out of view.
A hobgoblin comes into view.
The hobgoblin shouts!
The kobold barely misses you. The kobold hits you but does no damage.
The kobold completely misses you. The kobold hits you but does no damage.
The kobold hits you but does no damage. The kobold hits you but does no damage.
The hobgoblin closely misses you. The kobold closely misses you.
The hobgoblin barely misses you. The hobgoblin completely misses you.
The kobold hits you but does no damage. The hobgoblin barely misses you.
The kobold barely misses you. The kobold barely misses you.
The hobgoblin hits you but does no damage.
The kobold hits you but does no damage. The hobgoblin hits you.
The hobgoblin barely misses you. The kobold hits you but does no damage.
The kobold hits you with a +0 dagger. The hobgoblin hits you.
The kobold hits you but does no damage.
The hobgoblin hits you but does no damage.
The hobgoblin hits you.
* * * LOW HITPOINT WARNING * * *
The kobold hits you with a +0 dagger.
* * * LOW HITPOINT WARNING * * *
The kobold barely misses you.
The hobgoblin hits you but does no damage.
The kobold hits you but does no damage. The hobgoblin hits you.
* * * LOW HITPOINT WARNING * * *
The hobgoblin closely misses you. The kobold barely misses you.
The hobgoblin hits you.
You die...

.. ...
############...
...............
...............
...............
........g......
.......@K......
...............
.........######
######..##
#...# #...#
#...+ ##†##
##.##


You could see a hobgoblin and a kobold.

Vanquished Creatures
  An endoplasm (D:1)
  A giant cockroach (D:1)
2 creatures vanquished.

Notes
Turn   | Place    | Note
-------+----------+-------------------------------------------
     0 | D:1      | jlumianski the Demonspawn Wanderer began the quest for the
                  | Orb.
     0 | D:1      | jlumianski set off with the following items: a +0 club, a
                  | potion of curing, a scroll of fear, a +0 chain mail; and
                  | the following spell memorised: Foxfire; and the following
                  | spells available to memorise: Conjure Flame
     0 | D:1      | Reached XP level 1. HP: 19/19 MP: 2/2
    59 | D:1      | Slain by a hobgoblin

Illustrated notes

Levels and vault maps discovered:
D:1:      dpeg_arrival_houses_and_road, layout_basic,
          hellmonk_ecumenical_altar_the_god_not_taken

Action                   || total
-------------------------++-------
Melee: Club              ||     7
Armor: Chain mail        ||    15
Dodge: Dodged            ||    17

Table legend: (Time is in decaauts)
 A = Elapsed time spent in this place.
 B = Non-inter-level travel time spent in this place.
 C = Inter-level travel time spent in this place.
 D = Time resting spent in this place.
 E = Time spent auto-exploring this place.
 F = Levels seen in this place.
 G = Mean time per level.
                   A        B        C        D        E       F      G
               +--------+--------+--------+--------+--------+-----+--------+
         Total |     61 |     61 |      0 |      0 |      0 |   1 |   61.0 |
       Dungeon |     61 |     61 |      0 |      0 |      0 |   1 |   61.0 |
               +--------+--------+--------+--------+--------+-----+--------+

Top non-repeatable levels by time:
     D:1: 61 daAuts
